 Dungeon Crawl Stone Soup version 0.31-a0-1570-g93c622d222 (webtiles) character file.

Game seed: 8658881511660130529

32 dialectric the Trooper (level 3, 0/33 HPs)
             Began as a Draconian Fighter on Jan 3, 2024.
             Slain by a ribbon worm (3 damage)
             ... on level 2 of the Dungeon.
             The game lasted 00:00:53 (545 turns).

dialectric the Trooper (Draconian Fighter)           Turns: 545, Time: 00:00:53

Health: 0/33       AC:  5    Str: 20    XL:     3   Next: 10%
Magic:  3/3        EV: 12    Int:  8    God:
Gold:   63         SH:  0    Dex: 10    Spells: 2/2 levels left

rFire   . . .        a - +0 long sword
rCold   . . .        (no shield)
rNeg    . . .        (body armour unavailable)
rPois   .            (helmet restricted)
rElec   .            (no cloak)
rCorr   .            (no gloves)
SInv    .            (no boots)
Will    .....        (no amulet)
Stlth   +            (no ring)
HPRegen 0.25/turn    (no ring)
MPRegen 0.08/turn

%: no passive effects
@: no status effects
A: AC +5, unfitting armour, cold-blooded
a: no special abilities


You were on level 2 of the Dungeon.
You visited 1 branch of the dungeon, and saw 2 of its levels.

You collected 63 gold pieces.

Inventory:

Hand Weapons
 a - a +0 long sword (weapon)
Missiles
 f - 6 poisoned darts (quivered)
Armour
 b - a +0 buckler
Scrolls
 d - a scroll of amnesia {unknown}
 h - 2 scrolls of identify {unknown}
 i - a scroll of blinking {unknown}
 k - a scroll of fear {unknown}
 m - a scroll of immolation {unknown}
Potions
 c - a potion of might
 e - a potion of degeneration {unknown}
 g - 2 potions of enlightenment {unknown}
 j - 2 potions of berserk rage {unknown}
 l - 2 potions of haste {unknown}
 n - a potion of attraction {unknown}


   Skills:
 + Level 3.8 Fighting
 + Level 2.5 Long Blades
 + Level 3.1 Dodging
 - Level 3.0 Shields


You had 2 spell levels left.
You didn't know any spells.
Your spell library was empty.

Dungeon Overview and Level Annotations

Branches:
Dungeon (2/15)

Altars:


Innate Abilities, Weirdness & Mutations

Your plain brown scales are hard. (AC +5)
You cannot fit into any form of body armour.
You are cold-blooded and may be slowed by cold attacks.


Message History

The adder closely misses you.
The ribbon worm expels a string of sticky webbing.
The stream of webbing misses you.
You hit the ribbon worm.
The ribbon worm is heavily wounded.
The adder bites you. x2
You are poisoned.
The adder poisons you! The ribbon worm bites you.
You hit the ribbon worm.
The ribbon worm is severely wounded.
You feel sick. The adder bites you but does no damage. The adder bites you.
The ribbon worm closely misses you.
You barely miss the ribbon worm.
The ribbon worm is severely wounded.
You feel sick. The adder closely misses you.
The ribbon worm expels a string of sticky webbing.
The stream of webbing misses you.
You hit the adder.
The adder is heavily wounded.
You feel sick. The adder bites you. The adder barely misses you.
The ribbon worm bites you.
* * * LOW HITPOINT WARNING * * *
You hit the ribbon worm but do no damage.
The ribbon worm is heavily wounded.
You feel sick.
You are no longer poisoned.
The adder closely misses you.
The ribbon worm expels a string of sticky webbing.
The stream of webbing hits you but does no damage.
You are caught in a web!
The adder completely misses you.
The web tears apart.
The adder bites you.
* * * LOW HITPOINT WARNING * * *
The ribbon worm bites you.
* * * LOW HITPOINT WARNING * * *
Unknown command.
You hit the ribbon worm.
Your tail-slap misses the ribbon worm.
The ribbon worm is severely wounded.
The adder barely misses you. The adder bites you but does no damage.
The ribbon worm bites you.
You die...

..# ######### ..#
#.......# ..# #.......#
..# #.......# ..#
#.......######## ..#
#...............
#########...............
........'.....!..S......
#########.......@w......
##### #######.........
....#### #.........
#......# #.........
#......### ##########
#......'.# #......#.##
#......#..# #......##.#
#########


You could see a ribbon worm and an adder.

Vanquished Creatures
  An adder (D:2)
  A bat (D:1)
  2 endoplasms (D:2)
  A giant cockroach (D:1)
  A goblin (D:1)
  4 hobgoblins
  3 jackals (D:1)
  A quokka (D:2)
  A frilled lizard (D:1)
  3 kobolds
  3 rats
21 creatures vanquished.

Notes
Turn   | Place    | Note
-------+----------+-------------------------------------------
     0 | D:1      | dialectric the Draconian Fighter began the quest for the
                  | Orb.
     0 | D:1      | Reached XP level 1. HP: 19/19 MP: 1/1
   130 | D:1      | Reached XP level 2. HP: 18/26 MP: 2/2
   191 | D:1      | You fall into a shaft and drop 1 floor!
   374 | D:2      | Reached XP level 3. HP: 25/33 MP: 3/3
   545 | D:2      | Slain by a ribbon worm

Illustrated notes

Levels and vault maps discovered:
D:1:      ncdulo_smallfort, layout_rooms
D:2:      layout_basic

Skill      XL: |  1  2 |
---------------+-------+-----
Dodging        | 3 |  3.1
Fighting       | |  3.8
Long Blades    | |  2.5
Shields        | |  3.0

Action                     || total
---------------------------++-------
  Melee: Long sword        ||    87
         Tailslap          ||     6
         Punch             ||     1
 Armour: Skin              ||    82
  Dodge: Dodged            ||    85

Table legend: (Time is in decaauts)
 A = Elapsed time spent in this place.
 B = Non-inter-level travel time spent in this place.
 C = Inter-level travel time spent in this place.
 D = Time resting spent in this place.
 E = Time spent auto-exploring this place.
 F = Levels seen in this place.
 G = Mean time per level.
                   A        B        C        D        E       F      G
               +--------+--------+--------+--------+--------+-----+--------+
         Total |    569 |    569 |      0 |      0 |    344 |   2 |  284.5 |
       Dungeon |    569 |    569 |      0 |      0 |    344 |   2 |  284.5 |
               +--------+--------+--------+--------+--------+-----+--------+

Top non-repeatable levels by time:
     D:2: 365 daAuts
     D:1: 203 daAuts
